 Dungeon Crawl Stone Soup version 0.29.0-4-gdea44cf6ec (webtiles) character file.

Game seed: 9601649916701594267

2039 qw the Grappler (level 9, -1/53 (84) HPs)
             Began as a Troll Cinder Acolyte on Sept 2, 2022.
             Was an Initiate of Ignis.
             Shot with an arrow by a centaur (11 damage)
             ... on level 6 of the Dungeon.
             The game lasted 00:30:11 (31914 turns).

qw the Grappler (Troll Cinder Acolyte)             Turns: 31914, Time: 00:30:12

HP:   -1/53 (84)    AC:  7    Str: 28    XL:     9   Next: 4%
MP:   9/9           EV:  9    Int: 10    God:    Ignis [......]
Gold: 268           SH:  0    Dex:  5    Spells: 10/10 levels left

rFire   + . .      SeeInvis .     - Unarmed
rCold   . . .      Faith    .   (no shield)
rNeg    . . .      Spirit   .   l - +2 robe {Will+}
rPois   .          Reflect  .   (helmet restricted)
rElec   .          Harm     .   f - +0 cloak
rCorr   .          Rampage  .   (gloves unavailable)
Will    +....                   (boots unavailable)
Stlth   +.........              (no amulet)
HPRegen 0.97/turn               (no ring)
MPRegen 0.11/turn               (no ring)

@: very heavily drained, bezotted
A: large, unfitting armour, claws 3, regeneration 1, shaggy fur 1, tough skin 1
a: Renounce Religion, Rising Flame


You were on level 6 of the Dungeon.
You worshipped Ignis.
Ignis was noncommittal.
You visited 1 branch of the dungeon, and saw 6 of its levels.

You collected 268 gold pieces.


Innate Abilities, Weirdness & Mutations

You are too large for most types of armour.
You have claws for hands.
Your natural rate of healing is unusually fast.
You are covered in fur. (AC +1)
You have tough skin. (AC +1)


   Skills:
 - Level 4.1 Fighting
 - Level 1.5 Throwing
 - Level 1.1 Dodging
 + Level 11.2 Unarmed Combat
 - Level 1.0 Spellcasting
 - Level 2.1 Fire Magic


You had 10 spell levels left.
You didn't know any spells.
Your spell library contained the following spells:

 Spells                   Type           Power      Damage    Failure   Level
 Scorch                   Fire           8%         2d5       22%         2

Inventory:

Missiles
 c - a boomerang (quivered)
Armour
 a - a +2 robe of positive energy
 f - a +0 cloak (worn)
 l - a +2 robe of willpower (worn)
Jewellery
 o - an amulet of reflection
Scrolls
 b - 2 scrolls of brand weapon
 h - a scroll of identify
 n - a scroll of enchant armour {unknown}
 p - a scroll of immolation {unknown}
Potions
 d - a potion of haste
 e - a potion of heal wounds
 g - a potion of cancellation {unknown}
 i - a potion of might {unknown}
 j - a potion of degeneration {unknown}
 k - a potion of magic {unknown}
 m - a potion of berserk rage {unknown}

Dungeon Overview and Level Annotations

Branches:
Dungeon (6/15) Zot: 443    Temple (0/1) D:4

Altars:
Elyvilon
Kikubaaqudgha
Qazlal
The Shining One


Message History

Really rest while Zot is near?
Zot draws nearer.
Dive deeper or flee this branch before you suffer!
Really rest while Zot is near?
Really rest while Zot is near?
Really rest while Zot is near?
Really rest while Zot is near?
Really rest while Zot is near?
Really rest while Zot is near?
Really rest while Zot is near?
Really rest while Zot is near?
Really rest while Zot is near?
Really rest while Zot is near?
Really rest while Zot is near?
Really rest while Zot is near?
Really rest while Zot is near?
The centaur shoots an arrow.
The arrow hits you.
The centaur shoots an arrow.
The arrow closely misses you.
The centaur shoots an arrow.
The arrow hits you.
The centaur shoots an arrow.
The arrow hits you!
The centaur shoots an arrow.
The arrow closely misses you.
31882 ||| FLEEEEING.
Really rest while Zot is near?
Really rest while Zot is near?
Really rest while Zot is near?
Really rest while Zot is near?
Really rest while Zot is near?
Really rest while Zot is near?
Really rest while Zot is near?
Really rest while Zot is near?
Really rest while Zot is near?
Really rest while Zot is near?
Really rest while Zot is near?
Really rest while Zot is near?
Really rest while Zot is near?
The centaur shoots an arrow.
The arrow hits you.
The centaur shoots an arrow.
The arrow hits you!
The centaur shoots an arrow.
The arrow hits you!
The centaur shoots an arrow.
The arrow barely misses you.
The centaur shoots an arrow.
The arrow hits you!
The centaur shoots an arrow.
The arrow hits you!
The centaur shoots an arrow.
The arrow closely misses you.
The centaur shoots an arrow.
The arrow hits you!
You die...

#.#.#<##.# #...........#.
#####.#.##.# ### #######..~~~~.
......#..#.# #.. ...~~~~~~~~
.........#.# #.# ###~~~~~~~~~~~
#######..#.# #.##~~~~~~~~~~~~~~
#.....#.##.# #.#~~~~~~~~.c~~~~~
#.....#....### #.#~~~~~~...c..~~~
'.._..#.#....# #..~~~~~c..c....~~
#.....#....#.###@.~~~~~c. #'#..~~
#.....#..........#~~~~cc. #c.~~
#######...##..#####~~~c.. #.c~~
...................~~~c.# #c~~~
#..........######..~~~~.# #.~~~
#########..# ##..~~~~.####c~~~
...# #..# #...~~~~~~.c~~~~
##.######..#######.#..~~~~~~~~~~~
##.#...##........#.#.####~~~~~~..


You could see 6 centaurs.

Vanquished Creatures
  Pikel (D:4)
  Sigmund (D:4)
  A steam dragon (D:6)
  A water moccasin (D:5)
  An ice beast (D:6)
  A black bear (D:6)
  2 ogres
  A phantom (D:4)
  A kobold brigand (D:6)
  A necrophage (D:5)
  2 scorpions (D:6)
  A howler monkey (D:5)
  2 hounds
  A jelly (D:4)
  3 iguanas
  Terence (D:2)
  An orc wizard (D:5)
  Robin (D:2)
  3 gnolls (D:4)
  6 adders
  3 white imps (D:6)
  A worm (D:4)
  2 dart slugs
  11 orcs
  6 bats
  5 endoplasms
  3 giant cockroaches
  16 goblins
  8 hobgoblins
  4 jackals (D:1)
  6 quokkas
  7 ball pythons
  A frilled lizard (D:2)
  13 kobolds
  6 rats
124 creatures vanquished.

Vanquished Creatures (others)
  3 plants (D:4)
3 creatures vanquished.

Grand Total: 127 creatures vanquished

Notes
Turn   | Place    | Note
-------+----------+-------------------------------------------
     0 | D:1      | qw the Troll Cinder Acolyte began the quest for the Orb.
     0 | D:1      | Reached XP level 1. HP: 22/22 MP: 1/1
     0 | D:1      | 0 ||| qw: Version: 0.1-a-97-g2dd2ca4
     0 | D:1      | 0 ||| qw: Game counter: 4905
     0 | D:1      | 0 ||| qw: Always use a shield: true
     0 | D:1      | 0 ||| qw: God list: Okawaru
     0 | D:1      | 0 ||| qw: Allow faded altars: false
     0 | D:1      | 0 ||| qw: Do Orc after D:15 true
     0 | D:1      | 0 ||| qw: Do second Lair branch before Depths: true
     0 | D:1      | 0 ||| qw: Lair rune preference: random
     0 | D:1      | 0 ||| qw: Plans: Normal
     0 | D:1      | 0 ||| PLANNING D:1-11
     2 | D:1      | Noticed a vine stalker
     4 | D:1      | Noticed a felid
     4 | D:1      | Noticed a tengu
     6 | D:1      | Noticed a minotaur
     6 | D:1      | Noticed an octopode
     8 | D:1      | Noticed a demigod
     8 | D:1      | Noticed a vampire
    10 | D:1      | Noticed an ogre
    10 | D:1      | Noticed a troll
    12 | D:1      | Noticed a human
    12 | D:1      | Noticed a demonspawn
    14 | D:1      | Noticed a merfolk
    14 | D:1      | Noticed a draconian
    16 | D:1      | Noticed a ghoul
    16 | D:1      | Noticed a formicid
    18 | D:1      | Noticed a gargoyle
    20 | D:1      | Noticed a spriggan
    20 | D:1      | Noticed a naga
    22 | D:1      | Noticed a palentonga
    22 | D:1      | Noticed a meteoran
    24 | D:1      | Noticed a meteoran
    24 | D:1      | Noticed an elf
    26 | D:1      | Noticed a palentonga
    26 | D:1      | Noticed a tengu
    64 | D:1      | 64 ||| Stepping ~*~*~tactically~*~*~ (hiding).
   167 | D:1      | Reached XP level 2. HP: 29/29 MP: 2/2
   603 | D:1      | Reached skill level 4 in Unarmed Combat
   777 | D:1      | 777 ||| READING scroll labelled DAROOL YTYISUF.
   778 | D:1      | 778 ||| READING scroll labelled ERYEGOA SYTYOJ.
   779 | D:1      | 779 ||| DRINKING 2 green potions.
   780 | D:1      | 780 ||| DROPPING potion of flight.
   968 | D:2      | Noticed Robin
   969 | D:2      | 969 ||| INVOKING Fiery Armour.
   974 | D:2      | Reached XP level 3. HP: 31/36 MP: 3/3
   977 | D:2      | 977 ||| FLEEEEING.
   981 | D:2      | 981 ||| FLEEEEING.
   982 | D:2      | 982 ||| FLEEEEING.
   983 | D:2      | 983 ||| FLEEEEING.
   984 | D:2      | 984 ||| FLEEEEING.
   985 | D:2      | 985 ||| FLEEEEING.
   993 | D:2      | Killed Robin
  1338 | D:2      | You fall into a shaft and drop 2 floors!
  1437 | D:4      | 1437 ||| INVOKING Fiery Armour.
  1439 | D:4      | HP: 6/36 [iguana (7)]
  1444 | D:4      | HP: 5/36 [iguana (4)]
  1446 | D:4      | Reached skill level 5 in Unarmed Combat
  1446 | D:4      | Reached XP level 4. HP: 7/44 MP: 4/4
  1490 | D:4      | 1490 ||| UPGRADING to +0 cloak.
  1495 | D:4      | 1495 ||| READING scroll labelled HON HAEPPADOACK.
  1496 | D:4      | 1496 ||| READING scroll labelled ALICANOIRU.
  1758 | D:2      | Noticed Terence
  1766 | D:2      | Killed Terence
  2008 | D:2      | 2008 ||| READING scroll labelled RUSEANK MOWK.
  2009 | D:2      | 2009 ||| READING scroll labelled ERUH NUTTI.
  2010 | D:2      | 2010 ||| DRINKING 2 purple potions.
  2011 | D:2      | 2011 ||| Stepping randomly (stuck).
  2012 | D:2      | 2012 ||| Stepping ~*~*~tactically~*~*~ (cloud).
  2153 | D:3      | 2153 ||| Stepping ~*~*~tactically~*~*~ (stealth).
  2263 | D:3      | Reached XP level 5. HP: 50/50 MP: 5/5
  2349 | D:3      | Found a stormy altar of Qazlal.
  2349 | D:3      | Noticed a fire elemental
  2381 | D:3      | Noticed a water elemental
  2384 | D:3      | Noticed an air elemental
  2521 | D:3      | Found a glowing golden altar of the Shining One.
  2677 | D:3      | 2677 ||| READING scroll labelled EMNOJE IHIVVE.
  2678 | D:3      | 2678 ||| DRINKING 2 lumpy blue potions.
  2679 | D:3      | 2679 ||| DROPPING potion of attraction.
  2729 | D:4      | Reached skill level 6 in Unarmed Combat
  2788 | D:4      | Found an ancient bone altar of Kikubaaqudgha.
  2801 | D:4      | Noticed Pikel
  2801 | D:4      | Noticed a lemure
  2802 | D:4      | 2802 ||| Stepping ~*~*~tactically~*~*~ (stealth).
  2803 | D:4      | Noticed a lemure
  2806 | D:4      | Noticed a lemure
  2807 | D:4      | Noticed a lemure
  2810 | D:4      | 2810 ||| Stepping ~*~*~tactically~*~*~ (outnumbered).
  2811 | D:4      | 2811 ||| Stepping ~*~*~tactically~*~*~ (outnumbered).
  2812 | D:4      | 2812 ||| Stepping ~*~*~tactically~*~*~ (outnumbered).
  2814 | D:4      | 2814 ||| INVOKING Fiery Armour.
  2815 | D:4      | 2815 ||| Stepping ~*~*~tactically~*~*~ (outnumbered).
  2816 | D:4      | 2816 ||| Stepping ~*~*~tactically~*~*~ (outnumbered).
  2818 | D:4      | 2818 ||| Stepping ~*~*~tactically~*~*~ (outnumbered).
  2819 | D:4      | 2819 ||| Stepping ~*~*~tactically~*~*~ (outnumbered).
  2820 | D:4      | 2820 ||| Stepping ~*~*~tactically~*~*~ (outnumbered).
  2821 | D:4      | 2821 ||| Stepping ~*~*~tactically~*~*~ (outnumbered).
  2822 | D:4      | Killed Pikel
  2823 | D:4      | Reached skill level 8 in Unarmed Combat
  2823 | D:4      | Reached XP level 6. HP: 37/59 MP: 6/6
  2823 | D:4      | Reached XP level 7. HP: 41/66 MP: 7/7
  2946 | D:4      | Noticed Sigmund
  2947 | D:4      | 2947 ||| FLEEEEING.
  2963 | D:4      | 2963 ||| Stepping ~*~*~tactically~*~*~ (hiding).
  2964 | D:4      | 2964 ||| Stepping ~*~*~tactically~*~*~ (hiding).
  2971 | D:4      | Killed Sigmund
  2972 | D:4      | Reached skill level 3 in Fighting
  3096 | D:4      | Found a staircase to the Ecumenical Temple.
  3121 | D:4      | 3121 ||| Stepping ~*~*~tactically~*~*~ (stealth).
  3136 | D:4      | HP: 15/68 [ogre/+0 giant spiked club (33)]
  3137 | D:4      | 3137 ||| DRINKING 2 potions of heal wounds.
  3138 | D:4      | 3138 ||| INVOKING Fiery Armour.
  3140 | D:4      | Reached skill level 9 in Unarmed Combat
  3339 | D:4      | 3339 ||| INVOKING Fiery Armour.
  3342 | D:4      | 3342 ||| Stepping ~*~*~tactically~*~*~ (outnumbered).
  3343 | D:4      | 3343 ||| Stepping ~*~*~tactically~*~*~ (outnumbered).
  3344 | D:4      | 3344 ||| Stepping ~*~*~tactically~*~*~ (outnumbered).
  3348 | D:4      | 3348 ||| Stepping ~*~*~tactically~*~*~ (outnumbered).
  3349 | D:4      | 3349 ||| Stepping ~*~*~tactically~*~*~ (outnumbered).
  3350 | D:4      | 3350 ||| Stepping ~*~*~tactically~*~*~ (outnumbered).
  3352 | D:4      | 3352 ||| Stepping ~*~*~tactically~*~*~ (outnumbered).
  3373 | D:4      | Reached skill level 1 in Throwing
  3373 | D:4      | Reached XP level 8. HP: 78/78 MP: 8/8
  3598 | D:4      | 3598 ||| UPGRADING to +2 robe of willpower.
  3608 | D:4      | 3608 ||| DROPPING +0 robe.
  3609 | D:4      | 3609 ||| READING scroll labelled ZUMUKL FIMEUX.
  3613 | D:4      | 3613 ||| DRINKING 2 glowing cyan potions.
  3635 | D:4      | 3635 ||| DROPPING potion of lignification.
  3661 | D:5      | Entered Level 5 of the Dungeon
  3719 | D:5      | Reached skill level 1 in Dodging
  3910 | D:5      | 3910 ||| Stepping ~*~*~tactically~*~*~ (stealth).
  3913 | D:5      | 3913 ||| Stepping ~*~*~tactically~*~*~ (stealth).
  4073 | D:5      | Reached skill level 10 in Unarmed Combat
  4322 | D:5      | 4322 ||| READING scroll labelled WOTROMUSOL.
  4323 | D:5      | 4323 ||| READING 2 scrolls of identify.
  4323 | D:5      | 4323 ||| IDENTIFYING cyan potion
  4364 | D:6      | Found a white marble altar of Elyvilon.
  4366 | D:6      | 4366 ||| Stepping randomly (stuck).
  4571 | D:6      | Identified the +4 mace "Joytoew" {freeze, rPois Will+
                  | Str+4}
  4576 | D:6      | 4576 ||| FLEEEEING.
  4577 | D:6      | 4577 ||| FLEEEEING.
  4578 | D:6      | 4578 ||| FLEEEEING.
  4579 | D:6      | 4579 ||| FLEEEEING.
  4580 | D:6      | 4580 ||| FLEEEEING.
  4580 | D:6      | HP: 16/78 [centaur/arrow (5)]
  4581 | D:6      | 4581 ||| FLEEEEING.
  4582 | D:6      | 4582 ||| FLEEEEING.
  4583 | D:6      | 4583 ||| FLEEEEING.
  4584 | D:6      | 4584 ||| FLEEEEING.
  4585 | D:6      | 4585 ||| FLEEEEING.
  4694 | D:6      | 4694 ||| Stepping ~*~*~tactically~*~*~ (hiding).
  4899 | D:6      | 4899 ||| INVOKING Fiery Armour.
  4903 | D:6      | 4903 ||| Stepping ~*~*~tactically~*~*~ (outnumbered).
  4904 | D:6      | 4904 ||| Stepping ~*~*~tactically~*~*~ (outnumbered).
  4905 | D:6      | 4905 ||| Stepping ~*~*~tactically~*~*~ (outnumbered).
  4911 | D:6      | 4911 ||| Stepping ~*~*~tactically~*~*~ (outnumbered).
  4912 | D:6      | 4912 ||| Stepping ~*~*~tactically~*~*~ (outnumbered).
  4915 | D:6      | 4915 ||| Stepping ~*~*~tactically~*~*~ (outnumbered).
  4916 | D:6      | 4916 ||| Stepping ~*~*~tactically~*~*~ (outnumbered).
  4917 | D:6      | 4917 ||| Stepping ~*~*~tactically~*~*~ (outnumbered).
  4918 | D:6      | 4918 ||| Stepping ~*~*~tactically~*~*~ (outnumbered).
  4919 | D:6      | 4919 ||| Stepping ~*~*~tactically~*~*~ (outnumbered).
  4920 | D:6      | 4920 ||| Stepping ~*~*~tactically~*~*~ (outnumbered).
  4924 | D:6      | Reached skill level 11 in Unarmed Combat
  4924 | D:6      | 4924 ||| FLEEEEING.
  4925 | D:6      | 4925 ||| FLEEEEING.
  4926 | D:6      | 4926 ||| FLEEEEING.
  4927 | D:6      | 4927 ||| FLEEEEING.
  4928 | D:6      | 4928 ||| FLEEEEING.
  5023 | D:6      | 5023 ||| Stepping ~*~*~tactically~*~*~ (outnumbered).
  5029 | D:6      | 5029 ||| FLEEEEING.
  5050 | D:6      | 5050 ||| FLEEEEING.
  5099 | D:6      | 5099 ||| FLEEEEING.
  5110 | D:6      | 5110 ||| Stepping ~*~*~tactically~*~*~ (outnumbered).
  5112 | D:6      | 5112 ||| Stepping ~*~*~tactically~*~*~ (outnumbered).
  5114 | D:6      | 5114 ||| FLEEEEING.
  5134 | D:6      | 5134 ||| Stepping ~*~*~tactically~*~*~ (outnumbered).
  5141 | D:6      | 5141 ||| Stepping ~*~*~tactically~*~*~ (outnumbered).
  5143 | D:6      | 5143 ||| Stepping ~*~*~tactically~*~*~ (outnumbered).
  5150 | D:6      | 5150 ||| FLEEEEING.
  5161 | D:6      | 5161 ||| Stepping ~*~*~tactically~*~*~ (outnumbered).
  5166 | D:6      | 5166 ||| FLEEEEING.
  5197 | D:6      | 5197 ||| FLEEEEING.
  5227 | D:6      | 5227 ||| FLEEEEING.
  5256 | D:6      | 5256 ||| FLEEEEING.
  5273 | D:6      | 5273 ||| FLEEEEING.
  5300 | D:6      | 5300 ||| Stepping ~*~*~tactically~*~*~ (outnumbered).
  5302 | D:6      | 5302 ||| Stepping ~*~*~tactically~*~*~ (outnumbered).
  5308 | D:6      | 5308 ||| Stepping ~*~*~tactically~*~*~ (outnumbered).
  5312 | D:6      | 5312 ||| FLEEEEING.
  5321 | D:6      | 5321 ||| FLEEEEING.
  5355 | D:6      | 5355 ||| FLEEEEING.
  5356 | D:6      | 5356 ||| FLEEEEING.
  5426 | D:6      | Reached XP level 9. HP: 84/84 MP: 9/9
  5473 | D:6      | 5473 ||| FLEEEEING.
  5474 | D:6      | 5474 ||| FLEEEEING.
  5475 | D:6      | 5475 ||| FLEEEEING.
  5476 | D:6      | 5476 ||| FLEEEEING.
  5559 | D:6      | 5559 ||| FLEEEEING.
  5560 | D:6      | 5560 ||| FLEEEEING.
  5583 | D:6      | 5583 ||| FLEEEEING.
  5614 | D:6      | 5614 ||| FLEEEEING.
  5642 | D:6      | 5642 ||| FLEEEEING.
  5654 | D:6      | 5654 ||| FLEEEEING.
  5682 | D:6      | 5682 ||| FLEEEEING.
  5715 | D:6      | 5715 ||| FLEEEEING.
  5737 | D:6      | 5737 ||| FLEEEEING.
  5758 | D:6      | 5758 ||| FLEEEEING.
  5774 | D:6      | 5774 ||| FLEEEEING.
  5783 | D:6      | 5783 ||| FLEEEEING.
  5815 | D:6      | 5815 ||| FLEEEEING.
  5834 | D:6      | 5834 ||| FLEEEEING.
  5844 | D:6      | 5844 ||| FLEEEEING.
  5859 | D:6      | 5859 ||| FLEEEEING.
  5901 | D:6      | 5901 ||| FLEEEEING.
  5950 | D:6      | 5950 ||| FLEEEEING.
  5982 | D:6      | 5982 ||| FLEEEEING.
  6002 | D:6      | 6002 ||| FLEEEEING.
  6041 | D:6      | 6041 ||| FLEEEEING.
  6042 | D:6      | 6042 ||| FLEEEEING.
  6079 | D:6      | 6079 ||| FLEEEEING.
  6121 | D:6      | 6121 ||| FLEEEEING.
  6149 | D:6      | 6149 ||| FLEEEEING.
  6177 | D:6      | 6177 ||| FLEEEEING.
  6194 | D:6      | 6194 ||| FLEEEEING.
  6231 | D:6      | 6231 ||| FLEEEEING.
  6268 | D:6      | 6268 ||| FLEEEEING.
  6311 | D:6      | 6311 ||| FLEEEEING.
  6312 | D:6      | 6312 ||| FLEEEEING.
  6371 | D:6      | 6371 ||| FLEEEEING.
  6395 | D:6      | 6395 ||| FLEEEEING.
  6417 | D:6      | 6417 ||| FLEEEEING.
  6460 | D:6      | 6460 ||| FLEEEEING.
  6493 | D:6      | 6493 ||| FLEEEEING.
  6537 | D:6      | 6537 ||| FLEEEEING.
  6557 | D:6      | 6557 ||| FLEEEEING.
  6558 | D:6      | 6558 ||| FLEEEEING.
  6608 | D:6      | 6608 ||| FLEEEEING.
  6628 | D:6      | 6628 ||| FLEEEEING.
  6639 | D:6      | 6639 ||| FLEEEEING.
  6685 | D:6      | 6685 ||| FLEEEEING.
  6709 | D:6      | 6709 ||| FLEEEEING.
  6749 | D:6      | 6749 ||| FLEEEEING.
  6779 | D:6      | 6779 ||| FLEEEEING.
  6815 | D:6      | 6815 ||| FLEEEEING.
  6846 | D:6      | 6846 ||| FLEEEEING.
  6862 | D:6      | 6862 ||| FLEEEEING.
  6883 | D:6      | 6883 ||| FLEEEEING.
  6905 | D:6      | 6905 ||| FLEEEEING.
  6935 | D:6      | 6935 ||| FLEEEEING.
  6948 | D:6      | 6948 ||| FLEEEEING.
  6973 | D:6      | 6973 ||| FLEEEEING.
  6987 | D:6      | 6987 ||| FLEEEEING.
  7004 | D:6      | 7004 ||| FLEEEEING.
  7046 | D:6      | 7046 ||| FLEEEEING.
  7059 | D:6      | 7059 ||| FLEEEEING.
  7093 | D:6      | 7093 ||| FLEEEEING.
  7126 | D:6      | 7126 ||| FLEEEEING.
  7148 | D:6      | 7148 ||| FLEEEEING.
  7186 | D:6      | 7186 ||| FLEEEEING.
  7198 | D:6      | 7198 ||| FLEEEEING.
  7235 | D:6      | 7235 ||| FLEEEEING.
  7271 | D:6      | 7271 ||| FLEEEEING.
  7297 | D:6      | 7297 ||| FLEEEEING.
  7337 | D:6      | 7337 ||| FLEEEEING.
  7367 | D:6      | 7367 ||| FLEEEEING.
  7406 | D:6      | 7406 ||| FLEEEEING.
  7435 | D:6      | 7435 ||| FLEEEEING.
  7462 | D:6      | 7462 ||| FLEEEEING.
  7483 | D:6      | 7483 ||| FLEEEEING.
  7513 | D:6      | 7513 ||| FLEEEEING.
  7548 | D:6      | 7548 ||| FLEEEEING.
  7585 | D:6      | 7585 ||| FLEEEEING.
  7626 | D:6      | 7626 ||| FLEEEEING.
  7658 | D:6      | 7658 ||| FLEEEEING.
  7690 | D:6      | 7690 ||| FLEEEEING.
  7724 | D:6      | 7724 ||| FLEEEEING.
  7770 | D:6      | 7770 ||| FLEEEEING.
  7807 | D:6      | 7807 ||| FLEEEEING.
  7842 | D:6      | 7842 ||| FLEEEEING.
  7866 | D:6      | 7866 ||| FLEEEEING.
  7898 | D:6      | 7898 ||| FLEEEEING.
  7912 | D:6      | 7912 ||| FLEEEEING.
  7927 | D:6      | 7927 ||| FLEEEEING.
  7939 | D:6      | 7939 ||| FLEEEEING.
  7954 | D:6      | 7954 ||| FLEEEEING.
  8002 | D:6      | 8002 ||| FLEEEEING.
  8036 | D:6      | 8036 ||| FLEEEEING.
  8037 | D:6      | 8037 ||| FLEEEEING.
  8086 | D:6      | 8086 ||| FLEEEEING.
  8111 | D:6      | 8111 ||| FLEEEEING.
  8134 | D:6      | 8134 ||| FLEEEEING.
  8165 | D:6      | 8165 ||| FLEEEEING.
  8188 | D:6      | 8188 ||| FLEEEEING.
  8215 | D:6      | 8215 ||| FLEEEEING.
  8250 | D:6      | 8250 ||| FLEEEEING.
  8282 | D:6      | 8282 ||| FLEEEEING.
  8300 | D:6      | 8300 ||| FLEEEEING.
  8337 | D:6      | 8337 ||| FLEEEEING.
  8380 | D:6      | 8380 ||| FLEEEEING.
  8390 | D:6      | 8390 ||| FLEEEEING.
  8433 | D:6      | 8433 ||| FLEEEEING.
  8455 | D:6      | 8455 ||| FLEEEEING.
  8492 | D:6      | 8492 ||| FLEEEEING.
  8523 | D:6      | 8523 ||| FLEEEEING.
  8524 | D:6      | 8524 ||| FLEEEEING.
  8567 | D:6      | 8567 ||| FLEEEEING.
  8586 | D:6      | 8586 ||| FLEEEEING.
  8604 | D:6      | 8604 ||| FLEEEEING.
  8634 | D:6      | 8634 ||| FLEEEEING.
  8635 | D:6      | 8635 ||| FLEEEEING.
  8685 | D:6      | 8685 ||| FLEEEEING.
  8714 | D:6      | 8714 ||| FLEEEEING.
  8728 | D:6      | 8728 ||| FLEEEEING.
  8758 | D:6      | 8758 ||| FLEEEEING.
  8801 | D:6      | 8801 ||| FLEEEEING.
  8835 | D:6      | 8835 ||| FLEEEEING.
  8845 | D:6      | 8845 ||| FLEEEEING.
  8860 | D:6      | 8860 ||| FLEEEEING.
  8890 | D:6      | 8890 ||| FLEEEEING.
  8903 | D:6      | 8903 ||| FLEEEEING.
  8913 | D:6      | 8913 ||| FLEEEEING.
  8954 | D:6      | 8954 ||| FLEEEEING.
  8966 | D:6      | 8966 ||| FLEEEEING.
  8977 | D:6      | 8977 ||| FLEEEEING.
  9007 | D:6      | 9007 ||| FLEEEEING.
  9029 | D:6      | 9029 ||| FLEEEEING.
  9039 | D:6      | 9039 ||| FLEEEEING.
  9069 | D:6      | 9069 ||| FLEEEEING.
  9097 | D:6      | 9097 ||| FLEEEEING.
  9129 | D:6      | 9129 ||| FLEEEEING.
  9141 | D:6      | 9141 ||| FLEEEEING.
  9151 | D:6      | 9151 ||| FLEEEEING.
  9185 | D:6      | 9185 ||| FLEEEEING.
  9201 | D:6      | 9201 ||| FLEEEEING.
  9213 | D:6      | 9213 ||| FLEEEEING.
  9249 | D:6      | 9249 ||| FLEEEEING.
  9260 | D:6      | 9260 ||| FLEEEEING.
  9313 | D:6      | 9313 ||| FLEEEEING.
  9324 | D:6      | 9324 ||| FLEEEEING.
  9354 | D:6      | 9354 ||| FLEEEEING.
  9394 | D:6      | 9394 ||| FLEEEEING.
  9444 | D:6      | 9444 ||| FLEEEEING.
  9466 | D:6      | 9466 ||| FLEEEEING.
  9477 | D:6      | 9477 ||| FLEEEEING.
  9508 | D:6      | 9508 ||| FLEEEEING.
  9528 | D:6      | 9528 ||| FLEEEEING.
  9540 | D:6      | 9540 ||| FLEEEEING.
  9575 | D:6      | 9575 ||| FLEEEEING.
  9603 | D:6      | 9603 ||| FLEEEEING.
  9627 | D:6      | 9627 ||| FLEEEEING.
  9645 | D:6      | 9645 ||| FLEEEEING.
  9673 | D:6      | 9673 ||| FLEEEEING.
  9712 | D:6      | 9712 ||| FLEEEEING.
  9764 | D:6      | 9764 ||| FLEEEEING.
  9789 | D:6      | 9789 ||| FLEEEEING.
  9819 | D:6      | 9819 ||| FLEEEEING.
  9841 | D:6      | 9841 ||| FLEEEEING.
  9881 | D:6      | 9881 ||| FLEEEEING.
  9915 | D:6      | 9915 ||| FLEEEEING.
  9938 | D:6      | 9938 ||| FLEEEEING.
  9967 | D:6      | 9967 ||| FLEEEEING.
  9993 | D:6      | 9993 ||| FLEEEEING.
 10025 | D:6      | 10025 ||| FLEEEEING.
 10026 | D:6      | 10026 ||| FLEEEEING.
 10056 | D:6      | 10056 ||| FLEEEEING.
 10085 | D:6      | 10085 ||| FLEEEEING.
 10103 | D:6      | 10103 ||| FLEEEEING.
 10129 | D:6      | 10129 ||| FLEEEEING.
 10151 | D:6      | 10151 ||| FLEEEEING.
 10180 | D:6      | 10180 ||| FLEEEEING.
 10206 | D:6      | 10206 ||| FLEEEEING.
 10242 | D:6      | 10242 ||| FLEEEEING.
 10243 | D:6      | 10243 ||| FLEEEEING.
 10297 | D:6      | 10297 ||| FLEEEEING.
 10335 | D:6      | 10335 ||| FLEEEEING.
 10357 | D:6      | 10357 ||| FLEEEEING.
 10381 | D:6      | 10381 ||| FLEEEEING.
 10411 | D:6      | 10411 ||| FLEEEEING.
 10439 | D:6      | 10439 ||| FLEEEEING.
 10454 | D:6      | 10454 ||| FLEEEEING.
 10470 | D:6      | 10470 ||| FLEEEEING.
 10498 | D:6      | 10498 ||| FLEEEEING.
 10527 | D:6      | 10527 ||| FLEEEEING.
 10564 | D:6      | 10564 ||| FLEEEEING.
 10598 | D:6      | 10598 ||| FLEEEEING.
 10638 | D:6      | 10638 ||| FLEEEEING.
 10674 | D:6      | 10674 ||| FLEEEEING.
 10686 | D:6      | 10686 ||| FLEEEEING.
 10705 | D:6      | 10705 ||| FLEEEEING.
 10741 | D:6      | 10741 ||| FLEEEEING.
 10756 | D:6      | 10756 ||| FLEEEEING.
 10778 | D:6      | 10778 ||| FLEEEEING.
 10794 | D:6      | 10794 ||| FLEEEEING.
 10795 | D:6      | 10795 ||| FLEEEEING.
 10855 | D:6      | 10855 ||| FLEEEEING.
 10868 | D:6      | 10868 ||| FLEEEEING.
 10901 | D:6      | 10901 ||| FLEEEEING.
 10917 | D:6      | 10917 ||| FLEEEEING.
 10942 | D:6      | 10942 ||| FLEEEEING.
 10943 | D:6      | 10943 ||| FLEEEEING.
 10992 | D:6      | 10992 ||| FLEEEEING.
 11022 | D:6      | 11022 ||| FLEEEEING.
 11052 | D:6      | 11052 ||| FLEEEEING.
 11068 | D:6      | 11068 ||| FLEEEEING.
 11085 | D:6      | 11085 ||| FLEEEEING.
 11110 | D:6      | 11110 ||| FLEEEEING.
 11126 | D:6      | 11126 ||| FLEEEEING.
 11160 | D:6      | 11160 ||| FLEEEEING.
 11188 | D:6      | 11188 ||| FLEEEEING.
 11215 | D:6      | 11215 ||| FLEEEEING.
 11236 | D:6      | 11236 ||| FLEEEEING.
 11266 | D:6      | 11266 ||| FLEEEEING.
 11267 | D:6      | 11267 ||| FLEEEEING.
 11316 | D:6      | 11316 ||| FLEEEEING.
 11355 | D:6      | 11355 ||| FLEEEEING.
 11386 | D:6      | 11386 ||| FLEEEEING.
 11416 | D:6      | 11416 ||| FLEEEEING.
 11455 | D:6      | 11455 ||| FLEEEEING.
 11472 | D:6      | 11472 ||| FLEEEEING.
 11472 | D:6      | HP: 21/84 [centaur/arrow (11)]
 11473 | D:6      | 11473 ||| FLEEEEING.
 11550 | D:6      | 11550 ||| FLEEEEING.
 11562 | D:6      | 11562 ||| FLEEEEING.
 11563 | D:6      | 11563 ||| FLEEEEING.
 11607 | D:6      | 11607 ||| FLEEEEING.
 11617 | D:6      | 11617 ||| FLEEEEING.
 11631 | D:6      | 11631 ||| FLEEEEING.
 11632 | D:6      | 11632 ||| FLEEEEING.
 11671 | D:6      | 11671 ||| FLEEEEING.
 11711 | D:6      | 11711 ||| FLEEEEING.
 11747 | D:6      | 11747 ||| FLEEEEING.
 11783 | D:6      | 11783 ||| FLEEEEING.
 11813 | D:6      | 11813 ||| FLEEEEING.
 11861 | D:6      | 11861 ||| FLEEEEING.
 11896 | D:6      | 11896 ||| FLEEEEING.
 11905 | D:6      | 11905 ||| FLEEEEING.
 11933 | D:6      | 11933 ||| FLEEEEING.
 11963 | D:6      | 11963 ||| FLEEEEING.
 11996 | D:6      | 11996 ||| FLEEEEING.
 12015 | D:6      | 12015 ||| FLEEEEING.
 12055 | D:6      | 12055 ||| FLEEEEING.
 12085 | D:6      | 12085 ||| FLEEEEING.
 12099 | D:6      | 12099 ||| FLEEEEING.
 12125 | D:6      | 12125 ||| FLEEEEING.
 12159 | D:6      | 12159 ||| FLEEEEING.
 12191 | D:6      | 12191 ||| FLEEEEING.
 12192 | D:6      | 12192 ||| FLEEEEING.
 12228 | D:6      | 12228 ||| FLEEEEING.
 12247 | D:6      | 12247 ||| FLEEEEING.
 12248 | D:6      | 12248 ||| FLEEEEING.
 12288 | D:6      | 12288 ||| FLEEEEING.
 12314 | D:6      | 12314 ||| FLEEEEING.
 12324 | D:6      | 12324 ||| FLEEEEING.
 12353 | D:6      | 12353 ||| FLEEEEING.
 12365 | D:6      | 12365 ||| FLEEEEING.
 12388 | D:6      | 12388 ||| FLEEEEING.
 12399 | D:6      | 12399 ||| FLEEEEING.
 12425 | D:6      | 12425 ||| FLEEEEING.
 12461 | D:6      | 12461 ||| FLEEEEING.
 12493 | D:6      | 12493 ||| FLEEEEING.
 12528 | D:6      | 12528 ||| FLEEEEING.
 12548 | D:6      | 12548 ||| FLEEEEING.
 12570 | D:6      | 12570 ||| FLEEEEING.
 12597 | D:6      | 12597 ||| FLEEEEING.
 12643 | D:6      | 12643 ||| FLEEEEING.
 12644 | D:6      | 12644 ||| FLEEEEING.
 12675 | D:6      | 12675 ||| FLEEEEING.
 12717 | D:6      | 12717 ||| FLEEEEING.
 12751 | D:6      | 12751 ||| FLEEEEING.
 12789 | D:6      | 12789 ||| FLEEEEING.
 12819 | D:6      | 12819 ||| FLEEEEING.
 12867 | D:6      | 12867 ||| FLEEEEING.
 12909 | D:6      | 12909 ||| FLEEEEING.
 12943 | D:6      | 12943 ||| FLEEEEING.
 12989 | D:6      | 12989 ||| FLEEEEING.
 13028 | D:6      | 13028 ||| FLEEEEING.
 13046 | D:6      | 13046 ||| FLEEEEING.
 13066 | D:6      | 13066 ||| FLEEEEING.
 13083 | D:6      | 13083 ||| FLEEEEING.
 13115 | D:6      | 13115 ||| FLEEEEING.
 13151 | D:6      | 13151 ||| FLEEEEING.
 13167 | D:6      | 13167 ||| FLEEEEING.
 13200 | D:6      | 13200 ||| FLEEEEING.
 13201 | D:6      | 13201 ||| FLEEEEING.
 13258 | D:6      | 13258 ||| FLEEEEING.
 13259 | D:6      | 13259 ||| FLEEEEING.
 13294 | D:6      | 13294 ||| FLEEEEING.
 13323 | D:6      | 13323 ||| FLEEEEING.
 13324 | D:6      | 13324 ||| FLEEEEING.
 13371 | D:6      | 13371 ||| FLEEEEING.
 13409 | D:6      | 13409 ||| FLEEEEING.
 13431 | D:6      | 13431 ||| FLEEEEING.
 13443 | D:6      | 13443 ||| FLEEEEING.
 13452 | D:6      | 13452 ||| FLEEEEING.
 13464 | D:6      | 13464 ||| FLEEEEING.
 13481 | D:6      | 13481 ||| FLEEEEING.
 13521 | D:6      | 13521 ||| FLEEEEING.
 13552 | D:6      | 13552 ||| FLEEEEING.
 13565 | D:6      | 13565 ||| FLEEEEING.
 13582 | D:6      | 13582 ||| FLEEEEING.
 13605 | D:6      | 13605 ||| FLEEEEING.
 13606 | D:6      | 13606 ||| FLEEEEING.
 13637 | D:6      | 13637 ||| FLEEEEING.
 13651 | D:6      | 13651 ||| FLEEEEING.
 13671 | D:6      | 13671 ||| FLEEEEING.
 13705 | D:6      | 13705 ||| FLEEEEING.
 13715 | D:6      | 13715 ||| FLEEEEING.
 13756 | D:6      | 13756 ||| FLEEEEING.
 13771 | D:6      | 13771 ||| FLEEEEING.
 13814 | D:6      | 13814 ||| FLEEEEING.
 13842 | D:6      | 13842 ||| FLEEEEING.
 13865 | D:6      | 13865 ||| FLEEEEING.
 13893 | D:6      | 13893 ||| FLEEEEING.
 13926 | D:6      | 13926 ||| FLEEEEING.
 13941 | D:6      | 13941 ||| FLEEEEING.
 13967 | D:6      | 13967 ||| FLEEEEING.
 13993 | D:6      | 13993 ||| FLEEEEING.
 14017 | D:6      | 14017 ||| FLEEEEING.
 14029 | D:6      | 14029 ||| FLEEEEING.
 14045 | D:6      | 14045 ||| FLEEEEING.
 14069 | D:6      | 14069 ||| FLEEEEING.
 14111 | D:6      | 14111 ||| FLEEEEING.
 14159 | D:6      | 14159 ||| FLEEEEING.
 14199 | D:6      | 14199 ||| FLEEEEING.
 14217 | D:6      | 14217 ||| FLEEEEING.
 14241 | D:6      | 14241 ||| FLEEEEING.
 14281 | D:6      | 14281 ||| FLEEEEING.
 14307 | D:6      | 14307 ||| FLEEEEING.
 14353 | D:6      | 14353 ||| FLEEEEING.
 14387 | D:6      | 14387 ||| FLEEEEING.
 14422 | D:6      | 14422 ||| FLEEEEING.
 14434 | D:6      | 14434 ||| FLEEEEING.
 14458 | D:6      | 14458 ||| FLEEEEING.
 14472 | D:6      | 14472 ||| FLEEEEING.
 14490 | D:6      | 14490 ||| FLEEEEING.
 14491 | D:6      | 14491 ||| FLEEEEING.
 14539 | D:6      | 14539 ||| FLEEEEING.
 14557 | D:6      | 14557 ||| FLEEEEING.
 14586 | D:6      | 14586 ||| FLEEEEING.
 14617 | D:6      | 14617 ||| FLEEEEING.
 14653 | D:6      | 14653 ||| FLEEEEING.
 14701 | D:6      | 14701 ||| FLEEEEING.
 14702 | D:6      | 14702 ||| FLEEEEING.
 14736 | D:6      | 14736 ||| FLEEEEING.
 14737 | D:6      | 14737 ||| FLEEEEING.
 14777 | D:6      | 14777 ||| FLEEEEING.
 14823 | D:6      | 14823 ||| FLEEEEING.
 14873 | D:6      | 14873 ||| FLEEEEING.
 14894 | D:6      | 14894 ||| FLEEEEING.
 14916 | D:6      | 14916 ||| FLEEEEING.
 14931 | D:6      | 14931 ||| FLEEEEING.
 14965 | D:6      | 14965 ||| FLEEEEING.
 15002 | D:6      | 15002 ||| FLEEEEING.
 15022 | D:6      | 15022 ||| FLEEEEING.
 15060 | D:6      | 15060 ||| FLEEEEING.
 15082 | D:6      | 15082 ||| FLEEEEING.
 15104 | D:6      | 15104 ||| FLEEEEING.
 15130 | D:6      | 15130 ||| FLEEEEING.
 15152 | D:6      | 15152 ||| FLEEEEING.
 15189 | D:6      | 15189 ||| FLEEEEING.
 15210 | D:6      | 15210 ||| FLEEEEING.
 15228 | D:6      | 15228 ||| FLEEEEING.
 15257 | D:6      | 15257 ||| FLEEEEING.
 15288 | D:6      | 15288 ||| FLEEEEING.
 15307 | D:6      | 15307 ||| FLEEEEING.
 15335 | D:6      | 15335 ||| FLEEEEING.
 15365 | D:6      | 15365 ||| FLEEEEING.
 15392 | D:6      | 15392 ||| FLEEEEING.
 15403 | D:6      | 15403 ||| FLEEEEING.
 15417 | D:6      | 15417 ||| FLEEEEING.
 15443 | D:6      | 15443 ||| FLEEEEING.
 15456 | D:6      | 15456 ||| FLEEEEING.
 15457 | D:6      | 15457 ||| FLEEEEING.
 15485 | D:6      | 15485 ||| FLEEEEING.
 15530 | D:6      | 15530 ||| FLEEEEING.
 15551 | D:6      | 15551 ||| FLEEEEING.
 15593 | D:6      | 15593 ||| FLEEEEING.
 15613 | D:6      | 15613 ||| FLEEEEING.
 15632 | D:6      | 15632 ||| FLEEEEING.
 15650 | D:6      | 15650 ||| FLEEEEING.
 15662 | D:6      | 15662 ||| FLEEEEING.
 15691 | D:6      | 15691 ||| FLEEEEING.
 15710 | D:6      | 15710 ||| FLEEEEING.
 15741 | D:6      | 15741 ||| FLEEEEING.
 15779 | D:6      | 15779 ||| FLEEEEING.
 15797 | D:6      | 15797 ||| FLEEEEING.
 15827 | D:6      | 15827 ||| FLEEEEING.
 15859 | D:6      | 15859 ||| FLEEEEING.
 15899 | D:6      | 15899 ||| FLEEEEING.
 15909 | D:6      | 15909 ||| FLEEEEING.
 15929 | D:6      | 15929 ||| FLEEEEING.
 15930 | D:6      | 15930 ||| FLEEEEING.
 15969 | D:6      | 15969 ||| FLEEEEING.
 15998 | D:6      | 15998 ||| FLEEEEING.
 16012 | D:6      | 16012 ||| FLEEEEING.
 16025 | D:6      | 16025 ||| FLEEEEING.
 16026 | D:6      | 16026 ||| FLEEEEING.
 16085 | D:6      | 16085 ||| FLEEEEING.
 16100 | D:6      | 16100 ||| FLEEEEING.
 16114 | D:6      | 16114 ||| FLEEEEING.
 16135 | D:6      | 16135 ||| FLEEEEING.
 16157 | D:6      | 16157 ||| FLEEEEING.
 16178 | D:6      | 16178 ||| FLEEEEING.
 16198 | D:6      | 16198 ||| FLEEEEING.
 16213 | D:6      | 16213 ||| FLEEEEING.
 16237 | D:6      | 16237 ||| FLEEEEING.
 16238 | D:6      | 16238 ||| FLEEEEING.
 16288 | D:6      | 16288 ||| FLEEEEING.
 16305 | D:6      | 16305 ||| FLEEEEING.
 16317 | D:6      | 16317 ||| FLEEEEING.
 16341 | D:6      | 16341 ||| FLEEEEING.
 16352 | D:6      | 16352 ||| FLEEEEING.
 16365 | D:6      | 16365 ||| FLEEEEING.
 16366 | D:6      | 16366 ||| FLEEEEING.
 16395 | D:6      | 16395 ||| FLEEEEING.
 16428 | D:6      | 16428 ||| FLEEEEING.
 16443 | D:6      | 16443 ||| FLEEEEING.
 16469 | D:6      | 16469 ||| FLEEEEING.
 16489 | D:6      | 16489 ||| FLEEEEING.
 16517 | D:6      | 16517 ||| FLEEEEING.
 16533 | D:6      | 16533 ||| FLEEEEING.
 16575 | D:6      | 16575 ||| FLEEEEING.
 16623 | D:6      | 16623 ||| FLEEEEING.
 16649 | D:6      | 16649 ||| FLEEEEING.
 16664 | D:6      | 16664 ||| FLEEEEING.
 16691 | D:6      | 16691 ||| FLEEEEING.
 16717 | D:6      | 16717 ||| FLEEEEING.
 16756 | D:6      | 16756 ||| FLEEEEING.
 16757 | D:6      | 16757 ||| FLEEEEING.
 16814 | D:6      | 16814 ||| FLEEEEING.
 16826 | D:6      | 16826 ||| FLEEEEING.
 16843 | D:6      | 16843 ||| FLEEEEING.
 16885 | D:6      | 16885 ||| FLEEEEING.
 16915 | D:6      | 16915 ||| FLEEEEING.
 16957 | D:6      | 16957 ||| FLEEEEING.
 16958 | D:6      | 16958 ||| FLEEEEING.
 17012 | D:6      | 17012 ||| FLEEEEING.
 17029 | D:6      | 17029 ||| FLEEEEING.
 17069 | D:6      | 17069 ||| FLEEEEING.
 17084 | D:6      | 17084 ||| FLEEEEING.
 17109 | D:6      | 17109 ||| FLEEEEING.
 17125 | D:6      | 17125 ||| FLEEEEING.
 17155 | D:6      | 17155 ||| FLEEEEING.
 17171 | D:6      | 17171 ||| FLEEEEING.
 17183 | D:6      | 17183 ||| FLEEEEING.
 17184 | D:6      | 17184 ||| FLEEEEING.
 17199 | D:6      | 17199 ||| FLEEEEING.
 17224 | D:6      | 17224 ||| FLEEEEING.
 17251 | D:6      | 17251 ||| FLEEEEING.
 17311 | D:6      | 17311 ||| FLEEEEING.
 17327 | D:6      | 17327 ||| FLEEEEING.
 17328 | D:6      | 17328 ||| FLEEEEING.
 17329 | D:6      | 17329 ||| FLEEEEING.
 17368 | D:6      | 17368 ||| Stepping ~*~*~tactically~*~*~ (outnumbered).
 17376 | D:6      | 17376 ||| Stepping ~*~*~tactically~*~*~ (outnumbered).
 17382 | D:6      | 17382 ||| FLEEEEING.
 17404 | D:6      | 17404 ||| FLEEEEING.
 17439 | D:6      | 17439 ||| FLEEEEING.
 17456 | D:6      | 17456 ||| FLEEEEING.
 17466 | D:6      | 17466 ||| FLEEEEING.
 17479 | D:6      | 17479 ||| FLEEEEING.
 17516 | D:6      | 17516 ||| FLEEEEING.
 17531 | D:6      | 17531 ||| FLEEEEING.
 17559 | D:6      | 17559 ||| FLEEEEING.
 17596 | D:6      | 17596 ||| INVOKING Fiery Armour.
 17597 | D:6      | 17597 ||| FLEEEEING.
 17621 | D:6      | 17621 ||| Stepping ~*~*~tactically~*~*~ (outnumbered).
 17623 | D:6      | 17623 ||| FLEEEEING.
 17645 | D:6      | 17645 ||| FLEEEEING.
 17676 | D:6      | 17676 ||| FLEEEEING.
 17688 | D:6      | 17688 ||| Stepping ~*~*~tactically~*~*~ (outnumbered).
 17690 | D:6      | 17690 ||| FLEEEEING.
 17721 | D:6      | 17721 ||| FLEEEEING.
 17767 | D:6      | 17767 ||| FLEEEEING.
 17784 | D:6      | 17784 ||| FLEEEEING.
 17802 | D:6      | 17802 ||| FLEEEEING.
 17836 | D:6      | 17836 ||| FLEEEEING.
 17848 | D:6      | 17848 ||| FLEEEEING.
 17898 | D:6      | 17898 ||| FLEEEEING.
 17927 | D:6      | 17927 ||| FLEEEEING.
 17976 | D:6      | 17976 ||| FLEEEEING.
 18014 | D:6      | 18014 ||| FLEEEEING.
 18043 | D:6      | 18043 ||| FLEEEEING.
 18083 | D:6      | 18083 ||| FLEEEEING.
 18105 | D:6      | 18105 ||| FLEEEEING.
 18121 | D:6      | 18121 ||| FLEEEEING.
 18176 | D:6      | 18176 ||| FLEEEEING.
 18207 | D:6      | 18207 ||| FLEEEEING.
 18242 | D:6      | 18242 ||| FLEEEEING.
 18276 | D:6      | 18276 ||| FLEEEEING.
 18326 | D:6      | 18326 ||| FLEEEEING.
 18354 | D:6      | 18354 ||| FLEEEEING.
 18372 | D:6      | 18372 ||| FLEEEEING.
 18405 | D:6      | 18405 ||| FLEEEEING.
 18443 | D:6      | 18443 ||| FLEEEEING.
 18497 | D:6      | 18497 ||| FLEEEEING.
 18529 | D:6      | 18529 ||| FLEEEEING.
 18573 | D:6      | 18573 ||| FLEEEEING.
 18629 | D:6      | 18629 ||| FLEEEEING.
 18653 | D:6      | 18653 ||| FLEEEEING.
 18685 | D:6      | 18685 ||| FLEEEEING.
 18732 | D:6      | 18732 ||| FLEEEEING.
 18763 | D:6      | 18763 ||| FLEEEEING.
 18815 | D:6      | 18815 ||| FLEEEEING.
 18871 | D:6      | 18871 ||| FLEEEEING.
 18900 | D:6      | 18900 ||| FLEEEEING.
 18929 | D:6      | 18929 ||| FLEEEEING.
 18976 | D:6      | 18976 ||| FLEEEEING.
 19007 | D:6      | 19007 ||| FLEEEEING.
 19050 | D:6      | 19050 ||| FLEEEEING.
 19084 | D:6      | 19084 ||| FLEEEEING.
 19125 | D:6      | 19125 ||| FLEEEEING.
 19179 | D:6      | 19179 ||| FLEEEEING.
 19220 | D:6      | 19220 ||| FLEEEEING.
 19244 | D:6      | 19244 ||| FLEEEEING.
 19285 | D:6      | 19285 ||| FLEEEEING.
 19340 | D:6      | 19340 ||| FLEEEEING.
 19352 | D:6      | 19352 ||| FLEEEEING.
 19370 | D:6      | 19370 ||| FLEEEEING.
 19404 | D:6      | 19404 ||| FLEEEEING.
 19433 | D:6      | 19433 ||| FLEEEEING.
 19474 | D:6      | 19474 ||| Stepping ~*~*~tactically~*~*~ (outnumbered).
 19477 | D:6      | 19477 ||| FLEEEEING.
 19497 | D:6      | 19497 ||| FLEEEEING.
 19538 | D:6      | 19538 ||| FLEEEEING.
 19570 | D:6      | 19570 ||| FLEEEEING.
 19592 | D:6      | 19592 ||| FLEEEEING.
 19633 | D:6      | 19633 ||| FLEEEEING.
 19668 | D:6      | 19668 ||| FLEEEEING.
 19696 | D:6      | 19696 ||| FLEEEEING.
 19730 | D:6      | 19730 ||| INVOKING Fiery Armour.
 19731 | D:6      | 19731 ||| FLEEEEING.
 19760 | D:6      | 19760 ||| FLEEEEING.
 19787 | D:6      | 19787 ||| FLEEEEING.
 19808 | D:6      | 19808 ||| FLEEEEING.
 19820 | D:6      | 19820 ||| FLEEEEING.
 19848 | D:6      | 19848 ||| FLEEEEING.
 19857 | D:6      | 19857 ||| FLEEEEING.
 19900 | D:6      | 19900 ||| INVOKING Fiery Armour.
 19901 | D:6      | 19901 ||| FLEEEEING.
 19930 | D:6      | 19930 ||| FLEEEEING.
 19942 | D:6      | 19942 ||| FLEEEEING.
 19977 | D:6      | 19977 ||| FLEEEEING.
 20014 | D:6      | 20014 ||| FLEEEEING.
 20039 | D:6      | 20039 ||| FLEEEEING.
 20086 | D:6      | 20086 ||| FLEEEEING.
 20126 | D:6      | 20126 ||| FLEEEEING.
 20158 | D:6      | 20158 ||| FLEEEEING.
 20174 | D:6      | 20174 ||| FLEEEEING.
 20204 | D:6      | 20204 ||| FLEEEEING.
 20245 | D:6      | 20245 ||| FLEEEEING.
 20299 | D:6      | 20299 ||| FLEEEEING.
 20309 | D:6      | 20309 ||| FLEEEEING.
 20341 | D:6      | 20341 ||| FLEEEEING.
 20356 | D:6      | 20356 ||| FLEEEEING.
 20387 | D:6      | 20387 ||| FLEEEEING.
 20422 | D:6      | 20422 ||| FLEEEEING.
 20450 | D:6      | 20450 ||| INVOKING Fiery Armour.
 20451 | D:6      | 20451 ||| FLEEEEING.
 20469 | D:6      | 20469 ||| Stepping ~*~*~tactically~*~*~ (outnumbered).
 20472 | D:6      | 20472 ||| FLEEEEING.
 20481 | D:6      | 20481 ||| Stepping ~*~*~tactically~*~*~ (outnumbered).
 20483 | D:6      | 20483 ||| FLEEEEING.
 20501 | D:6      | 20501 ||| FLEEEEING.
 20530 | D:6      | 20530 ||| FLEEEEING.
 20571 | D:6      | 20571 ||| FLEEEEING.
 20599 | D:6      | 20599 ||| INVOKING Fiery Armour.
 20600 | D:6      | 20600 ||| FLEEEEING.
 20622 | D:6      | 20622 ||| FLEEEEING.
 20633 | D:6      | 20633 ||| FLEEEEING.
 20669 | D:6      | 20669 ||| FLEEEEING.
 20703 | D:6      | 20703 ||| FLEEEEING.
 20731 | D:6      | 20731 ||| FLEEEEING.
 20767 | D:6      | 20767 ||| FLEEEEING.
 20807 | D:6      | 20807 ||| FLEEEEING.
 20862 | D:6      | 20862 ||| FLEEEEING.
 20880 | D:6      | 20880 ||| FLEEEEING.
 20921 | D:6      | 20921 ||| FLEEEEING.
 20963 | D:6      | 20963 ||| FLEEEEING.
 20996 | D:6      | 20996 ||| FLEEEEING.
 21035 | D:6      | 21035 ||| FLEEEEING.
 21089 | D:6      | 21089 ||| FLEEEEING.
 21110 | D:6      | 21110 ||| FLEEEEING.
 21151 | D:6      | 21151 ||| FLEEEEING.
 21182 | D:6      | 21182 ||| FLEEEEING.
 21212 | D:6      | 21212 ||| FLEEEEING.
 21240 | D:6      | 21240 ||| FLEEEEING.
 21255 | D:6      | 21255 ||| FLEEEEING.
 21308 | D:6      | 21308 ||| FLEEEEING.
 21342 | D:6      | 21342 ||| FLEEEEING.
 21388 | D:6      | 21388 ||| FLEEEEING.
 21425 | D:6      | 21425 ||| FLEEEEING.
 21441 | D:6      | 21441 ||| FLEEEEING.
 21473 | D:6      | 21473 ||| FLEEEEING.
 21506 | D:6      | 21506 ||| FLEEEEING.
 21526 | D:6      | 21526 ||| FLEEEEING.
 21554 | D:6      | 21554 ||| FLEEEEING.
 21572 | D:6      | 21572 ||| FLEEEEING.
 21594 | D:6      | 21594 ||| FLEEEEING.
 21657 | D:6      | 21657 ||| FLEEEEING.
 21686 | D:6      | 21686 ||| FLEEEEING.
 21698 | D:6      | 21698 ||| FLEEEEING.
 21738 | D:6      | 21738 ||| FLEEEEING.
 21757 | D:6      | 21757 ||| FLEEEEING.
 21785 | D:6      | 21785 ||| FLEEEEING.
 21799 | D:6      | 21799 ||| FLEEEEING.
 21827 | D:6      | 21827 ||| FLEEEEING.
 21859 | D:6      | 21859 ||| FLEEEEING.
 21900 | D:6      | 21900 ||| FLEEEEING.
 21929 | D:6      | 21929 ||| FLEEEEING.
 21969 | D:6      | 21969 ||| FLEEEEING.
 22023 | D:6      | 22023 ||| FLEEEEING.
 22058 | D:6      | 22058 ||| FLEEEEING.
 22076 | D:6      | 22076 ||| INVOKING Fiery Armour.
 22077 | D:6      | 22077 ||| FLEEEEING.
 22095 | D:6      | 22095 ||| FLEEEEING.
 22126 | D:6      | 22126 ||| FLEEEEING.
 22156 | D:6      | 22156 ||| Stepping ~*~*~tactically~*~*~ (outnumbered).
 22161 | D:6      | 22161 ||| FLEEEEING.
 22175 | D:6      | 22175 ||| Stepping ~*~*~tactically~*~*~ (outnumbered).
 22179 | D:6      | 22179 ||| FLEEEEING.
 22195 | D:6      | 22195 ||| FLEEEEING.
 22210 | D:6      | 22210 ||| Stepping ~*~*~tactically~*~*~ (outnumbered).
 22211 | D:6      | 22211 ||| FLEEEEING.
 22231 | D:6      | 22231 ||| FLEEEEING.
 22280 | D:6      | 22280 ||| FLEEEEING.
 22340 | D:6      | 22340 ||| Stepping ~*~*~tactically~*~*~ (outnumbered).
 22341 | D:6      | 22341 ||| FLEEEEING.
 22362 | D:6      | 22362 ||| FLEEEEING.
 22374 | D:6      | 22374 ||| FLEEEEING.
 22384 | D:6      | 22384 ||| FLEEEEING.
 22417 | D:6      | 22417 ||| FLEEEEING.
 22449 | D:6      | 22449 ||| FLEEEEING.
 22483 | D:6      | 22483 ||| FLEEEEING.
 22512 | D:6      | 22512 ||| FLEEEEING.
 22524 | D:6      | 22524 ||| FLEEEEING.
 22563 | D:6      | 22563 ||| FLEEEEING.
 22599 | D:6      | 22599 ||| FLEEEEING.
 22638 | D:6      | 22638 ||| FLEEEEING.
 22667 | D:6      | 22667 ||| FLEEEEING.
 22697 | D:6      | 22697 ||| FLEEEEING.
 22738 | D:6      | 22738 ||| INVOKING Fiery Armour.
 22739 | D:6      | 22739 ||| FLEEEEING.
 22772 | D:6      | 22772 ||| Stepping ~*~*~tactically~*~*~ (outnumbered).
 22775 | D:6      | 22775 ||| FLEEEEING.
 22791 | D:6      | 22791 ||| Stepping ~*~*~tactically~*~*~ (outnumbered).
 22792 | D:6      | 22792 ||| FLEEEEING.
 22805 | D:6      | 22805 ||| Stepping ~*~*~tactically~*~*~ (outnumbered).
 22810 | D:6      | 22810 ||| FLEEEEING.
 22833 | D:6      | 22833 ||| Stepping ~*~*~tactically~*~*~ (outnumbered).
 22835 | D:6      | 22835 ||| Stepping ~*~*~tactically~*~*~ (outnumbered).
 22837 | D:6      | 22837 ||| FLEEEEING.
 22868 | D:6      | 22868 ||| FLEEEEING.
 22913 | D:6      | 22913 ||| FLEEEEING.
 22932 | D:6      | 22932 ||| FLEEEEING.
 22958 | D:6      | 22958 ||| FLEEEEING.
 23014 | D:6      | 23014 ||| FLEEEEING.
 23063 | D:6      | 23063 ||| FLEEEEING.
 23086 | D:6      | 23086 ||| FLEEEEING.
 23100 | D:6      | 23100 ||| FLEEEEING.
 23145 | D:6      | 23145 ||| FLEEEEING.
 23176 | D:6      | 23176 ||| FLEEEEING.
 23192 | D:6      | 23192 ||| FLEEEEING.
 23203 | D:6      | 23203 ||| FLEEEEING.
 23240 | D:6      | 23240 ||| FLEEEEING.
 23255 | D:6      | 23255 ||| FLEEEEING.
 23283 | D:6      | 23283 ||| FLEEEEING.
 23331 | D:6      | 23331 ||| FLEEEEING.
 23345 | D:6      | 23345 ||| FLEEEEING.
 23377 | D:6      | 23377 ||| FLEEEEING.
 23416 | D:6      | 23416 ||| FLEEEEING.
 23459 | D:6      | 23459 ||| FLEEEEING.
 23509 | D:6      | 23509 ||| FLEEEEING.
 23542 | D:6      | 23542 ||| FLEEEEING.
 23571 | D:6      | 23571 ||| FLEEEEING.
 23608 | D:6      | 23608 ||| FLEEEEING.
 23630 | D:6      | 23630 ||| FLEEEEING.
 23644 | D:6      | 23644 ||| FLEEEEING.
 23691 | D:6      | 23691 ||| FLEEEEING.
 23714 | D:6      | 23714 ||| FLEEEEING.
 23755 | D:6      | 23755 ||| FLEEEEING.
 23803 | D:6      | 23803 ||| FLEEEEING.
 23836 | D:6      | 23836 ||| FLEEEEING.
 23856 | D:6      | 23856 ||| FLEEEEING.
 23885 | D:6      | 23885 ||| FLEEEEING.
 23910 | D:6      | 23910 ||| FLEEEEING.
 23940 | D:6      | 23940 ||| FLEEEEING.
 23950 | D:6      | 23950 ||| FLEEEEING.
 23962 | D:6      | 23962 ||| FLEEEEING.
 23993 | D:6      | 23993 ||| FLEEEEING.
 24048 | D:6      | 24048 ||| FLEEEEING.
 24094 | D:6      | 24094 ||| FLEEEEING.
 24111 | D:6      | 24111 ||| FLEEEEING.
 24138 | D:6      | 24138 ||| FLEEEEING.
 24161 | D:6      | 24161 ||| FLEEEEING.
 24195 | D:6      | 24195 ||| FLEEEEING.
 24239 | D:6      | 24239 ||| FLEEEEING.
 24288 | D:6      | 24288 ||| FLEEEEING.
 24311 | D:6      | 24311 ||| FLEEEEING.
 24356 | D:6      | 24356 ||| FLEEEEING.
 24388 | D:6      | 24388 ||| FLEEEEING.
 24424 | D:6      | 24424 ||| FLEEEEING.
 24434 | D:6      | 24434 ||| Stepping ~*~*~tactically~*~*~ (outnumbered).
 24435 | D:6      | 24435 ||| FLEEEEING.
 24485 | D:6      | 24485 ||| FLEEEEING.
 24527 | D:6      | 24527 ||| FLEEEEING.
 24561 | D:6      | 24561 ||| FLEEEEING.
 24597 | D:6      | 24597 ||| FLEEEEING.
 24638 | D:6      | 24638 ||| FLEEEEING.
 24688 | D:6      | 24688 ||| FLEEEEING.
 24728 | D:6      | 24728 ||| FLEEEEING.
 24759 | D:6      | 24759 ||| FLEEEEING.
 24809 | D:6      | 24809 ||| FLEEEEING.
 24850 | D:6      | 24850 ||| FLEEEEING.
 24881 | D:6      | 24881 ||| FLEEEEING.
 24911 | D:6      | 24911 ||| FLEEEEING.
 24954 | D:6      | 24954 ||| FLEEEEING.
 24980 | D:6      | 24980 ||| FLEEEEING.
 25009 | D:6      | 25009 ||| FLEEEEING.
 25073 | D:6      | 25073 ||| FLEEEEING.
 25117 | D:6      | 25117 ||| FLEEEEING.
 25140 | D:6      | 25140 ||| FLEEEEING.
 25152 | D:6      | 25152 ||| FLEEEEING.
 25218 | D:6      | 25218 ||| Stepping ~*~*~tactically~*~*~ (outnumbered).
 25219 | D:6      | 25219 ||| FLEEEEING.
 25251 | D:6      | 25251 ||| FLEEEEING.
 25263 | D:6      | 25263 ||| FLEEEEING.
 25307 | D:6      | 25307 ||| FLEEEEING.
 25347 | D:6      | 25347 ||| FLEEEEING.
 25371 | D:6      | 25371 ||| FLEEEEING.
 25430 | D:6      | 25430 ||| FLEEEEING.
 25460 | D:6      | 25460 ||| FLEEEEING.
 25512 | D:6      | 25512 ||| FLEEEEING.
 25524 | D:6      | 25524 ||| FLEEEEING.
 25533 | D:6      | 25533 ||| FLEEEEING.
 25562 | D:6      | 25562 ||| FLEEEEING.
 25583 | D:6      | 25583 ||| FLEEEEING.
 25625 | D:6      | 25625 ||| FLEEEEING.
 25679 | D:6      | 25679 ||| FLEEEEING.
 25709 | D:6      | 25709 ||| FLEEEEING.
 25746 | D:6      | 25746 ||| FLEEEEING.
 25768 | D:6      | 25768 ||| FLEEEEING.
 25802 | D:6      | 25802 ||| FLEEEEING.
 25835 | D:6      | 25835 ||| FLEEEEING.
 25877 | D:6      | 25877 ||| FLEEEEING.
 25895 | D:6      | 25895 ||| FLEEEEING.
 25925 | D:6      | 25925 ||| Stepping ~*~*~tactically~*~*~ (outnumbered).
 25926 | D:6      | 25926 ||| FLEEEEING.
 25956 | D:6      | 25956 ||| FLEEEEING.
 25972 | D:6      | 25972 ||| FLEEEEING.
 26009 | D:6      | 26009 ||| FLEEEEING.
 26059 | D:6      | 26059 ||| FLEEEEING.
 26095 | D:6      | 26095 ||| FLEEEEING.
 26135 | D:6      | 26135 ||| FLEEEEING.
 26158 | D:6      | 26158 ||| FLEEEEING.
 26196 | D:6      | 26196 ||| FLEEEEING.
 26229 | D:6      | 26229 ||| FLEEEEING.
 26259 | D:6      | 26259 ||| FLEEEEING.
 26297 | D:6      | 26297 ||| FLEEEEING.
 26328 | D:6      | 26328 ||| FLEEEEING.
 26338 | D:6      | 26338 ||| FLEEEEING.
 26361 | D:6      | 26361 ||| FLEEEEING.
 26384 | D:6      | 26384 ||| FLEEEEING.
 26404 | D:6      | 26404 ||| FLEEEEING.
 26445 | D:6      | 26445 ||| FLEEEEING.
 26465 | D:6      | 26465 ||| FLEEEEING.
 26496 | D:6      | 26496 ||| FLEEEEING.
 26518 | D:6      | 26518 ||| FLEEEEING.
 26539 | D:6      | 26539 ||| FLEEEEING.
 26572 | D:6      | 26572 ||| FLEEEEING.
 26620 | D:6      | 26620 ||| FLEEEEING.
 26663 | D:6      | 26663 ||| FLEEEEING.
 26688 | D:6      | 26688 ||| FLEEEEING.
 26722 | D:6      | 26722 ||| FLEEEEING.
 26770 | D:6      | 26770 ||| FLEEEEING.
 26810 | D:6      | 26810 ||| FLEEEEING.
 26846 | D:6      | 26846 ||| FLEEEEING.
 26861 | D:6      | 26861 ||| FLEEEEING.
 26871 | D:6      | 26871 ||| FLEEEEING.
 26913 | D:6      | 26913 ||| FLEEEEING.
 26973 | D:6      | 26973 ||| FLEEEEING.
 27013 | D:6      | 27013 ||| FLEEEEING.
 27036 | D:6      | 27036 ||| FLEEEEING.
 27077 | D:6      | 27077 ||| FLEEEEING.
 27120 | D:6      | 27120 ||| Stepping ~*~*~tactically~*~*~ (outnumbered).
 27121 | D:6      | 27121 ||| FLEEEEING.
 27158 | D:6      | 27158 ||| Stepping ~*~*~tactically~*~*~ (outnumbered).
 27159 | D:6      | 27159 ||| FLEEEEING.
 27189 | D:6      | 27189 ||| FLEEEEING.
 27223 | D:6      | 27223 ||| FLEEEEING.
 27262 | D:6      | 27262 ||| FLEEEEING.
 27296 | D:6      | 27296 ||| FLEEEEING.
 27328 | D:6      | 27328 ||| FLEEEEING.
 27360 | D:6      | 27360 ||| FLEEEEING.
 27400 | D:6      | 27400 ||| FLEEEEING.
 27441 | D:6      | 27441 ||| FLEEEEING.
 27481 | D:6      | 27481 ||| FLEEEEING.
 27512 | D:6      | 27512 ||| FLEEEEING.
 27550 | D:6      | 27550 ||| FLEEEEING.
 27593 | D:6      | 27593 ||| FLEEEEING.
 27612 | D:6      | 27612 ||| FLEEEEING.
 27670 | D:6      | 27670 ||| FLEEEEING.
 27706 | D:6      | 27706 ||| FLEEEEING.
 27735 | D:6      | 27735 ||| FLEEEEING.
 27804 | D:6      | 27804 ||| FLEEEEING.
 27845 | D:6      | 27845 ||| FLEEEEING.
 27885 | D:6      | 27885 ||| FLEEEEING.
 27920 | D:6      | 27920 ||| FLEEEEING.
 27954 | D:6      | 27954 ||| FLEEEEING.
 27968 | D:6      | 27968 ||| FLEEEEING.
 28004 | D:6      | 28004 ||| FLEEEEING.
 28055 | D:6      | 28055 ||| FLEEEEING.
 28089 | D:6      | 28089 ||| FLEEEEING.
 28128 | D:6      | 28128 ||| FLEEEEING.
 28152 | D:6      | 28152 ||| Stepping ~*~*~tactically~*~*~ (outnumbered).
 28153 | D:6      | 28153 ||| FLEEEEING.
 28175 | D:6      | 28175 ||| FLEEEEING.
 28215 | D:6      | 28215 ||| FLEEEEING.
 28281 | D:6      | 28281 ||| FLEEEEING.
 28321 | D:6      | 28321 ||| FLEEEEING.
 28371 | D:6      | 28371 ||| FLEEEEING.
 28400 | D:6      | 28400 ||| FLEEEEING.
 28418 | D:6      | 28418 ||| Stepping ~*~*~tactically~*~*~ (outnumbered).
 28419 | D:6      | 28419 ||| FLEEEEING.
 28450 | D:6      | 28450 ||| FLEEEEING.
 28480 | D:6      | 28480 ||| FLEEEEING.
 28506 | D:6      | 28506 ||| FLEEEEING.
 28535 | D:6      | 28535 ||| FLEEEEING.
 28575 | D:6      | 28575 ||| FLEEEEING.
 28599 | D:6      | 28599 ||| FLEEEEING.
 28653 | D:6      | 28653 ||| FLEEEEING.
 28711 | D:6      | 28711 ||| Stepping ~*~*~tactically~*~*~ (outnumbered).
 28718 | D:6      | 28718 ||| FLEEEEING.
 28731 | D:6      | 28731 ||| FLEEEEING.
 28764 | D:6      | 28764 ||| FLEEEEING.
 28785 | D:6      | 28785 ||| FLEEEEING.
 28818 | D:6      | 28818 ||| FLEEEEING.
 28852 | D:6      | 28852 ||| FLEEEEING.
 28885 | D:6      | 28885 ||| FLEEEEING.
 28922 | D:6      | 28922 ||| FLEEEEING.
 28957 | D:6      | 28957 ||| FLEEEEING.
 28981 | D:6      | 28981 ||| FLEEEEING.
 29019 | D:6      | 29019 ||| FLEEEEING.
 29068 | D:6      | 29068 ||| FLEEEEING.
 29087 | D:6      | 29087 ||| FLEEEEING.
 29117 | D:6      | 29117 ||| FLEEEEING.
 29155 | D:6      | 29155 ||| FLEEEEING.
 29199 | D:6      | 29199 ||| FLEEEEING.
 29209 | D:6      | 29209 ||| FLEEEEING.
 29248 | D:6      | 29248 ||| FLEEEEING.
 29276 | D:6      | 29276 ||| FLEEEEING.
 29309 | D:6      | 29309 ||| FLEEEEING.
 29362 | D:6      | 29362 ||| FLEEEEING.
 29402 | D:6      | 29402 ||| FLEEEEING.
 29432 | D:6      | 29432 ||| FLEEEEING.
 29460 | D:6      | 29460 ||| FLEEEEING.
 29494 | D:6      | 29494 ||| FLEEEEING.
 29522 | D:6      | 29522 ||| FLEEEEING.
 29553 | D:6      | 29553 ||| FLEEEEING.
 29609 | D:6      | 29609 ||| FLEEEEING.
 29639 | D:6      | 29639 ||| FLEEEEING.
 29656 | D:6      | 29656 ||| Stepping ~*~*~tactically~*~*~ (outnumbered).
 29657 | D:6      | 29657 ||| FLEEEEING.
 29685 | D:6      | 29685 ||| FLEEEEING.
 29727 | D:6      | 29727 ||| FLEEEEING.
 29765 | D:6      | 29765 ||| FLEEEEING.
 29800 | D:6      | 29800 ||| FLEEEEING.
 29830 | D:6      | 29830 ||| FLEEEEING.
 29859 | D:6      | 29859 ||| FLEEEEING.
 29892 | D:6      | 29892 ||| FLEEEEING.
 29924 | D:6      | 29924 ||| FLEEEEING.
 29960 | D:6      | 29960 ||| FLEEEEING.
 29996 | D:6      | 29996 ||| FLEEEEING.
 30022 | D:6      | 30022 ||| FLEEEEING.
 30054 | D:6      | 30054 ||| FLEEEEING.
 30082 | D:6      | 30082 ||| FLEEEEING.
 30113 | D:6      | 30113 ||| FLEEEEING.
 30165 | D:6      | 30165 ||| FLEEEEING.
 30200 | D:6      | 30200 ||| Stepping ~*~*~tactically~*~*~ (outnumbered).
 30202 | D:6      | 30202 ||| FLEEEEING.
 30233 | D:6      | 30233 ||| FLEEEEING.
 30269 | D:6      | 30269 ||| Stepping ~*~*~tactically~*~*~ (outnumbered).
 30270 | D:6      | 30270 ||| FLEEEEING.
 30283 | D:6      | 30283 ||| FLEEEEING.
 30312 | D:6      | 30312 ||| FLEEEEING.
 30339 | D:6      | 30339 ||| FLEEEEING.
 30357 | D:6      | Glimpsed the power of Zot.
 30374 | D:6      | 30374 ||| FLEEEEING.
 30384 | D:6      | 30384 ||| FLEEEEING.
 30426 | D:6      | 30426 ||| FLEEEEING.
 30471 | D:6      | 30471 ||| Stepping ~*~*~tactically~*~*~ (outnumbered).
 30472 | D:6      | 30472 ||| FLEEEEING.
 30501 | D:6      | 30501 ||| FLEEEEING.
 30547 | D:6      | 30547 ||| FLEEEEING.
 30591 | D:6      | 30591 ||| FLEEEEING.
 30620 | D:6      | 30620 ||| FLEEEEING.
 30661 | D:6      | 30661 ||| FLEEEEING.
 30695 | D:6      | 30695 ||| FLEEEEING.
 30715 | D:6      | 30715 ||| FLEEEEING.
 30761 | D:6      | 30761 ||| FLEEEEING.
 30809 | D:6      | 30809 ||| FLEEEEING.
 30857 | D:6      | Glimpsed the power of Zot.
 30860 | D:6      | 30860 ||| Stepping ~*~*~tactically~*~*~ (outnumbered).
 30861 | D:6      | 30861 ||| FLEEEEING.
 30897 | D:6      | 30897 ||| FLEEEEING.
 30939 | D:6      | 30939 ||| FLEEEEING.
 30985 | D:6      | 30985 ||| Stepping ~*~*~tactically~*~*~ (outnumbered).
 30988 | D:6      | 30988 ||| FLEEEEING.
 31009 | D:6      | 31009 ||| FLEEEEING.
 31070 | D:6      | 31070 ||| FLEEEEING.
 31101 | D:6      | 31101 ||| FLEEEEING.
 31121 | D:6      | 31121 ||| FLEEEEING.
 31136 | D:6      | 31136 ||| FLEEEEING.
 31174 | D:6      | 31174 ||| FLEEEEING.
 31210 | D:6      | 31210 ||| FLEEEEING.
 31249 | D:6      | 31249 ||| FLEEEEING.
 31257 | D:6      | Glimpsed the power of Zot.
 31280 | D:6      | 31280 ||| FLEEEEING.
 31312 | D:6      | 31312 ||| FLEEEEING.
 31340 | D:6      | 31340 ||| FLEEEEING.
 31357 | D:6      | Touched by the power of Zot.
 31358 | D:6      | Glimpsed the power of Zot.
 31368 | D:6      | 31368 ||| FLEEEEING.
 31394 | D:6      | 31394 ||| FLEEEEING.
 31431 | D:6      | 31431 ||| FLEEEEING.
 31468 | D:6      | 31468 ||| Stepping ~*~*~tactically~*~*~ (outnumbered).
 31469 | D:6      | 31469 ||| FLEEEEING.
 31498 | D:6      | 31498 ||| FLEEEEING.
 31536 | D:6      | 31536 ||| FLEEEEING.
 31553 | D:6      | 31553 ||| FLEEEEING.
 31583 | D:6      | 31583 ||| FLEEEEING.
 31616 | D:6      | 31616 ||| Stepping ~*~*~tactically~*~*~ (outnumbered).
 31618 | D:6      | 31618 ||| FLEEEEING.
 31636 | D:6      | HP: 11/53 [centaur/arrow (4)]
 31637 | D:6      | 31637 ||| FLEEEEING.
 31690 | D:6      | 31690 ||| Stepping ~*~*~tactically~*~*~ (outnumbered).
 31691 | D:6      | 31691 ||| FLEEEEING.
 31698 | D:6      | 31698 ||| FLEEEEING.
 31733 | D:6      | 31733 ||| FLEEEEING.
 31778 | D:6      | 31778 ||| FLEEEEING.
 31809 | D:6      | 31809 ||| FLEEEEING.
 31841 | D:6      | 31841 ||| FLEEEEING.
 31858 | D:6      | Glimpsed the power of Zot.
 31882 | D:6      | 31882 ||| FLEEEEING.
 31914 | D:6      | HP: 10/53 [centaur/arrow (12)]
 31914 | D:6      | Shot with an arrow by a centaur

Levels and vault maps discovered:
D:1:      kb_arrival_jail, layout_basic
D:2:      layout_basic, chequers_serial_rivers_small_b, uniq_terence, uniq_robin
D:3:      layout_basic, nicolae_tso_swordbearing_angel,
          nicolae_qazlal_style_of_elements
D:4:      layout_loops_cross, kiku_gazebo_garden_becter,
          minmay_temple_entry_arrows, serial_bayou, serial_bayou_lake_a,
          serial_bayou_ford_a, serial_bayou_shore_b, uniq_sigmund, uniq_pikel
D:5:      layout_loops_ring, moated_statue, roderic_roman_lattice
D:6:      layout_basic, amcnicky_altar_gilded, centaur_isle

Skill      XL: |  1  2  3  4  5  6  7  8 |
---------------+-------------------------+-----
Unarmed Combat | 4 5 8 9 11 | 11.2
Fighting       | 3 4 |  4.1
Throwing       | 1 |  1.5
Dodging        | 1 |  1.1
Spellcasting   | |  1.0
Fire Magic     | |  2.1

Action                   |  1- 3 |  4- 6 |  7- 9 || total
-------------------------+-------+-------+-------++-------
Melee: Unarmed           |   108 |    70 |   126 ||   304
       Punch             |     3 |       |     5 ||     8
Throw: Boomerang         |       |     2 |    36 ||    38
Invok: Fiery Armour      |     2 |     1 |    10 ||    13
  Use: Scroll            |     2 |     5 |     3 ||    10
       Potion            |     1 |     2 |     2 ||     5
Armor: Robe              |    39 |    30 |   420 ||   489
Dodge: Dodged            |    38 |    21 |  1414 ||  1473

Table legend:
 A = Non-vault XP
 B = Vault XP
 C = Vault XP percentage of total XP
 D = Non-vault monster count
 E = Vault monster count
 F = Vault count percentage of total count
                 A         B        C        D         E       F
            +---------+---------+-------+---------+---------+-------
      Total |    1923 |     991 |  34.0 |     108 |      16 |  12.9
            +---------+---------+-------+---------+---------+-------
        D:1 |      30 |       0 |   0.0 |      16 |       0 |   0.0
        D:2 |      26 |      75 |  74.3 |      15 |      14 |  48.3
        D:3 |      48 |       0 |   0.0 |      22 |       0 |   0.0
        D:4 |     413 |     916 |  68.9 |      25 |       2 |   7.4
        D:5 |     594 |       0 |   0.0 |      11 |       0 |   0.0
        D:6 |     812 |       0 |   0.0 |      19 |       0 |   0.0
            +---------+---------+-------+---------+---------+-------
